 Dungeon Crawl Stone Soup version 0.30-a0-457-g4b7bca3bfa (webtiles) character file.

Game seed: 8308831020901851480

33 zishaf the Gusty (level 3, -1/20 HPs)
             Began as a Tengu Air Elementalist on Dec 12, 2022.
             Slain by Terence
             ... wielding a +0 hand axe of freezing
              (3 damage)
             ... on level 1 of the Dungeon.
             The game lasted 00:01:20 (1156 turns).

zishaf the Gusty (Tengu Air Elementalist)           Turns: 1156, Time: 00:01:20

Health: -1/20      AC:  2    Str:  8    XL:     3   Next: 29%
Magic:  7/7        EV: 12    Int: 17    God:
Gold:   9          SH:  0    Dex: 14    Spells: 3/6 levels left

rFire   . . .      SeeInvis .    e - +0 dagger
rCold   . . .      Faith    .    (no shield)
rNeg    . . .      Spirit   .    a - +0 robe
rPois   .          Reflect  .    (helmet restricted)
rElec   .          Harm     .    (no cloak)
rCorr   .          Rampage  .    (no gloves)
Will    .....                    (boots unavailable)
Stlth   ++........               (no amulet)
HPRegen 0.23/turn                (no ring)
MPRegen 0.10/turn                (no ring)

@: no status effects
A: beak, talons 3
a: no special abilities


You were on level 1 of the Dungeon.
You visited 1 branch of the dungeon, and saw 2 of its levels.

You collected 9 gold pieces.

Inventory:

Hand Weapons
 d - a +0 quarterstaff
 e - a +0 dagger (weapon)
Missiles
 h - 2 poisoned darts
Armour
 a - a +0 robe (worn)
Scrolls
 c - a scroll of fear {unknown}
 f - a scroll of amnesia {unknown}
Potions
 b - a potion of magic
 g - a potion of heal wounds {unknown}


   Skills:
 + Level 1.4 Fighting
 - Level 2.1 Dodging
 - Level 2.0 Stealth
 - Level 2.0 Spellcasting
 + Level 2.6 Conjurations
 + Level 4.6 Air Magic


You had 3 spell levels left.
You knew the following spells:

 Your Spells              Type           Power      Damage    Failure   Level
a - Shock                 Conj/Air       56%        1d6       4%          1
A - Static Discharge      Conj/Air       28%        2-4/arc   7%          2

Your spell library contained the following spells:

 Spells                   Type           Power      Damage    Failure   Level
 Swiftness                Air            17%        N/A       9%          3
 Airstrike                Air            8%         2d(2-18)  28%         4


Dungeon Overview and Level Annotations

Branches:
Dungeon (2/15)

Altars:

Annotations:
D:1 Terence


Innate Abilities, Weirdness & Mutations

You have a beak for a mouth.
You have claws for feet.


Message History

The adder is struck by an arc of lightning.
The adder is almost dead.
You are struck by an arc of lightning.
The lightning grounds out.
The adder barely misses you.
Casting: Static Discharge (safe; 7% risk of failure)
Confirm with . or Enter, or press ? or * to list all spells.
You don't have enough magic to cast this spell.
Casting: Static Discharge (safe; 7% risk of failure)
Confirm with . or Enter, or press ? or * to list all spells.
Aiming: Shock (safe; 4% risk of failure)
Press: ? - help, Shift-Dir - straight line, f/p - adder
Aim: an adder (almost dead, 48% to hit)
The zap hits the adder.
You kill the adder!
You start resting.
HP restored.
Magic restored.
Found 2 poisoned darts.
Terence, a worm and an adder come into view.
Terence is wielding a +0 hand axe of freezing.
Terence shouts!
You see here 2 poisoned darts.
h - 2 poisoned darts The adder hisses angrily.
You see here an adder corpse.
Terence attacks as you move away! Terence closely misses you.
There is a stone staircase leading up here.
Terence hits you with a +0 hand axe of freezing!
Terence freezes you.
You climb upwards.
There is a stone staircase leading down here.
Terence says, "Rest in peace."
Terence attacks as you move away!
Terence hits you with a +0 hand axe of freezing.
Terence freezes you. Terence attacks as you move away!
Terence hits you with a +0 hand axe of freezing.
* * * LOW HITPOINT WARNING * * *
Terence freezes you.
You die...

#..# #.#### #.# #.# #..# #....#
#.# #.# #..# ####.# #.# #.# #..#
#.# #.####.##### #..# #.#
#...†....... #..# #.#
#####.###### #..# #.### ##.####
#..###########.#.#####.....###
#............@@.#......#.#....
##.#############.#####.....###
####...############># ##.###...
#....#...........##.# #.# #.##
#.##...#.#######.##.######.###.##
#.######.# #.##.............# #.#
#.# #.##..##########.# #.# #.#
#.##..# #....... #.#### #.#
#.##..# #.####.#


You could see Terence.

Vanquished Creatures
  An adder (D:2)
  3 giant cockroaches (D:1)
  3 goblins (D:1)
  3 hobgoblins (D:1)
  3 kobolds (D:1)
  6 ball pythons (D:1)
  A frilled lizard (D:1)
  A rat (D:1)
  A spectral goblin (D:1)
22 creatures vanquished.

Vanquished Creatures (others)
  2 plants (D:1)
2 creatures vanquished.

Grand Total: 24 creatures vanquished

Notes
Turn   | Place    | Note
-------+----------+-------------------------------------------
     0 | D:1      | zishaf the Tengu Air Elementalist began the quest for the
                  | Orb.
     0 | D:1      | Reached XP level 1. HP: 10/10 MP: 4/4
   143 | D:1      | Reached XP level 2. HP: 16/16 MP: 4/6
   185 | D:1      | Learned a level 2 spell: Static Discharge
   436 | D:1      | Reached skill level 1 in Fighting
   808 | D:1      | Found a faded altar of an unknown god.
   945 | D:1      | Reached XP level 3. HP: 20/20 MP: 5/7
  1137 | D:2      | Noticed Terence
  1156 | D:1      | Slain by Terence

Illustrated notes

Levels and vault maps discovered:
D:1:      dpeg_arrival_stonehenge_8_columns, layout_loops_ring,
          dreamdust_ecumenical_altar_drowned_temple, minmay_misc_feat_encased,
          serial_bayou_lagoon_a
D:2:      layout_loops_cross, grunt_decor_one_mirror, uniq_sigmund,
          uniq_terence, uniq_natasha

Skill      XL: |  1  2 |
---------------+-------+-----
Conjurations   | 2 |  2.6
Fighting       | 1 |  1.4
Dodging        | |  2.1
Stealth        | |  2.0
Spellcasting   | |  2.0
Air Magic      | |  4.6

Action                   || total
-------------------------++-------
Melee: Unarmed           ||     3
       Kick              ||     1
       Quarterstaff      ||     3
 Cast: Shock             ||    47
       Static Discharge  ||     2
Armor: Robe              ||     2
Dodge: Dodged            ||    17

Table legend: (Time is in decaauts)
 A = Elapsed time spent in this place.
 B = Non-inter-level travel time spent in this place.
 C = Inter-level travel time spent in this place.
 D = Time resting spent in this place.
 E = Time spent auto-exploring this place.
 F = Levels seen in this place.
 G = Mean time per level.
                   A        B        C        D        E       F      G
               +--------+--------+--------+--------+--------+-----+--------+
         Total |   1172 |   1147 |     25 |     32 |    983 |   2 |  586.0 |
       Dungeon |   1172 |   1147 |     25 |     32 |    983 |   2 |  586.0 |
               +--------+--------+--------+--------+--------+-----+--------+

Top non-repeatable levels by time:
     D:1: 1076 daAuts
     D:2: 96 daAuts
